Map: Kairos Junction LE

Players

Leenock - Winner!

  • Race: Zerg Zerg
  • Spawn Location: 11:00

Krr

  • Race: Protoss Protoss
  • Spawn Location: 5:00

Event: IEM Season 13: Katowice (2019)

VOD

Have the link to the VOD?

Description

Time

  • Played on: Feb. 25, 2019, 4:27 a.m.
  • Length: 12:50

All games in this series

Show
View Real Time Build Order
Export as new Build Order

Leenock Zerg - Winner!

Build Orders: Pool First, Swarm Host 

Get SALT Encoding   

  12  0:00  Drone  
  13  0:12  Overlord  
  13  0:17  Drone  
  14  0:30  Drone x2  
  16  0:42  Spawning Pool  
  15  0:45  Drone  
  15  0:49  Drone  
  17  0:55  Drone  
  18  1:02  Extractor  
  17  1:18  Hatchery  
  16  1:28  Zergling x6  
  19  1:39  Queen  
  21  1:43  Drone  
  22  1:51  Overlord  
  22  2:04  Metabolic Boost  
  22  2:10  Drone  
  23  2:18  Drone  
  23  2:19  Queen  
  25  2:25  Drone  
  26  2:31  Drone  
  26  2:33  Drone  
  28  2:41  Drone  
  29  2:44  Drone  
  29  2:50  Drone x3  
  33  2:55  Drone  
  34  3:03  Hatchery  
  34  3:05  Overlord  
  33  3:08  Drone  
  33  3:09  Drone  
  35  3:17  Overlord  
  35  3:24  Drone x3  
  35  3:25  Drone  
  35  3:26  Drone  
  40  3:27  Drone x2  
  42  3:35  Queen  
  42  3:39  Drone x2  
  46  3:42  Queen  
  46  3:46  Overlord  
  48  3:51  Spore Crawler  
  48  3:53  Spore Crawler  
  48  3:55  Overlord  
  46  4:00  Overlord  
  46  4:07  Zergling x10  
  46  4:08  Drone  
  52  4:16  Drone, Queen  
  52  4:17  Drone  
  54  4:18  Drone  
  54  4:20  Drone  
  54  4:22  Drone  
  59  4:33  Drone  
  59  4:34  Spore Crawler  
  59  4:35  Drone x2  
  59  4:36  Drone  
  62  4:41  Drone  
  62  4:43  Drone x3  
  62  4:45  Drone x2  
  68  4:48  Roach Warren  
  68  4:49  Lair  
  68  4:50  Drone  
  68  4:52  Drone  
  69  4:59  Spore Crawler  
  67  5:02  Drone  
  67  5:03  Drone x4  
  72  5:08  Overlord  
  72  5:11  Overlord  
  71  5:15  Extractor  
  71  5:16  Extractor  
  71  5:19  Extractor  
  71  5:20  Extractor  
  65  5:34  Roach  
  65  5:35  Drone, Roach x9  
  82  5:57  Roach x4  
  82  5:58  Overlord x5  
  88  6:12  Overseer  
  88  6:13  Roach  
  88  6:16  Roach  
  88  6:17  Roach x6  
  104  6:20  Roach  
  106  6:28  Roach  
  106  6:29  Roach x3  
  106  6:31  Roach x3  
  122  6:32  Roach  
  122  6:33  Roach  
  124  6:41  Glial Reconstitution, Overlord  
  124  6:43  Zergling x8  
  124  6:47  Zergling x2  
  129  6:50  Zergling x2  
  130  6:55  Overlord  
  128  7:04  Overlord, Ravager x2  
  128  7:05  Ravager x3  
  128  7:06  Zergling x10  
  138  7:11  Overlord  
  137  7:20  Zergling x4  
  126  7:27  Zergling x12  
  126  7:28  Zergling x2  
  122  7:35  Roach x7  
  122  7:38  Roach  
  117  7:48  Zergling x6  
  110  7:55  Drone  
  110  7:56  Drone  
  110  7:57  Drone x2  
  111  7:58  Infestation Pit  
  111  7:59  Drone x2  
  112  8:09  Roach x3  
  112  8:11  Ravager x3  
  122  8:13  Ravager  
  122  8:14  Hatchery  
  121  8:20  Roach x3  
  126  8:30  Overlord  
  126  8:39  Roach  
  126  8:41  Swarm Host x7  
  128  8:43  Overlord  
  149  8:50  Swarm Host  
  149  8:51  Swarm Host  
  149  8:53  Swarm Host  
  149  8:54  Overlord x2  
  158  9:00  Evolution Chamber, Overlord  
  149  9:10  Roach x5  
  149  9:11  Overlord, Roach  
  159  9:18  Roach x2  
  154  9:26  Roach x4  
  160  9:33  Swarm Host, Roach x2  
  165  9:46  Zergling x6  
  155  9:56  Roach x3  
  155  9:58  Zergling x6  
  150  10:02  Zergling x2  
  142  10:09  Roach  
  132  10:14  Roach  
  132  10:15  Roach x2  
  132  10:18  Roach x4  
  140  10:29  Drone x3  
  140  10:32  Swarm Host x2  
  140  10:35  Zerg Missile Weapons Level 1  
  149  10:36  Swarm Host  
  149  10:40  Hatchery, Swarm Host, Ravager x3  
  157  10:48  Drone, Extractor  
  157  10:49  Drone, Extractor x2  
  156  10:50  Drone  
  154  11:06  Roach x6  
  154  11:07  Roach x3  
  146  11:35  Swarm Host  
  146  11:37  Zergling x14  
  146  11:38  Zergling x8  
  158  11:51  Zergling x6  
  146  11:54  Zergling x2  
  131  12:10  Zergling x8  
  129  12:20  Drone x2  
  133  12:23  Drone x2  
  133  12:25  Drone  
  133  12:27  Ravager x8  
  144  12:33  Drone  
  146  12:45  Hatchery  
Show
View Real Time Build Order
Export as new Build Order

Krr Protoss 

Build Orders: 1 Gate Expand, Oracle Opening, Phoenix Opening, Archon Immortal, Archon Drop 

Get SALT Encoding   

  12  0:00  Probe  
  13  0:12  Probe  
  14  0:17  Pylon  
  14  0:25  Probe  
  15  0:33  Probe  
  15  0:41  Probe  
  16  0:44  Gateway  
  16  0:48  Assimilator  
  17  0:52  Probe  
  18  1:04  Probe  
  19  1:16  Probe  
  20  1:26  Nexus  
  20  1:36  Cybernetics Core  
  20  1:42  Zealot  
  22  1:50  Pylon  
  22  1:53  Probe  
  23  1:58  Assimilator  
  23  2:02  Adept  
  23  2:08  Probe  
  26  2:20  Probe  
  27  2:30  Stargate  
  27  2:32  Probe  
  27  2:34  Stalker  
  30  2:40  Warp Gate  
  30  2:46  Shield Battery  
  30  2:49  Probe  
  31  2:52  Probe  
  31  2:57  Probe  
  32  3:00  Probe  
  32  3:05  Phoenix, Probe  
  33  3:08  Probe  
  35  3:16  Probe  
  38  3:20  Pylon, Probe  
  39  3:28  Probe  
  39  3:29  Oracle  
  39  3:32  Probe  
  44  3:37  Assimilator  
  44  3:40  Assimilator  
  44  3:43  Probe  
  44  3:44  Probe  
  46  3:52  Robotics Facility  
  46  3:58  Probe x2  
  46  4:01  Pylon  
  48  4:08  Twilight Council  
  48  4:10  Probe x2  
  50  4:22  Probe  
  50  4:23  Probe  
  52  4:30  Warp Prism  
  52  4:32  Gateway  
  52  4:33  Gateway, Charge  
  52  4:35  Gateway, Probe x2  
  56  4:47  Templar Archives  
  56  4:54  Probe x2  
  58  5:05  Gateway  
  58  5:07  Gateway  
  58  5:16  Adept  
  58  5:17  Pylon  
  58  5:18  Pylon  
  56  5:31  Probe  
  56  5:32  Probe  
  57  5:38  High Templar x4  
  57  5:39  Observer  
  66  5:43  Nexus  
  66  5:44  Archon x2  
  66  5:46  Pylon  
  66  5:47  Pylon  
  64  5:52  Probe x2  
  66  5:59  Immortal  
  66  6:04  Probe x2  
  72  6:13  Observer  
  72  6:14  Forge  
  72  6:16  Probe x2  
  74  6:20  High Templar x2  
  74  6:22  Shield Battery  
  78  6:26  Immortal  
  78  6:27  Archon  
  80  6:33  Pylon  
  80  6:38  Zealot  
  83  6:40  Zealot x2  
  83  6:44  Shield Battery  
  83  6:45  Shield Battery  
  87  6:47  Shield Battery  
  87  7:00  Immortal  
  85  7:03  High Templar x2  
  85  7:04  Zealot x4  
  85  7:08  Archon  
  97  7:14  Probe x3  
  94  7:27  Zealot x3  
  94  7:28  Zealot  
  94  7:30  Immortal  
  94  7:37  Zealot x2  
  88  7:48  Zealot x4  
  90  7:59  Gateway  
  90  8:00  Gateway  
  90  8:07  Immortal, High Templar x2  
  90  8:09  High Templar x2  
  90  8:10  Zealot x2  
  90  8:12  Archon  
  102  8:14  Archon  
  102  8:19  Gateway  
  106  8:20  Gateway  
  106  8:27  Probe x3  
  101  8:35  Zealot x2  
  105  8:45  Zealot x4  
  113  8:48  Immortal  
  117  9:03  Pylon  
  117  9:05  Pylon  
  117  9:06  Pylon  
  113  9:14  High Templar x2  
  113  9:15  Zealot x2  
  115  9:19  Archon  
  115  9:20  Zealot x4  
  117  9:25  High Templar x2  
  119  9:33  Archon  
  89  10:00  Zealot x10  
  89  10:02  Probe x3  
  93  10:23  High Templar x4  
  93  10:24  Zealot x5  
  93  10:26  Protoss Ground Weapons Level 1  
  101  10:33  Archon x2  
  101  10:39  Probe x2  
  101  10:40  Assimilator, Probe  
  101  10:42  Assimilator  
  104  10:45  Zealot x2  
  108  10:53  High Templar  
  108  10:54  High Templar, Zealot x2  
  116  10:58  Archon  
  113  11:10  Zealot x6  
  113  11:19  Zealot x2  
  98  11:35  High Templar  
  98  11:36  High Templar x3, Zealot x2  
  106  11:40  Archon  
  106  11:41  Archon  
  92  12:02  High Templar x2, Zealot x3  
  92  12:03  Zealot  
  76  12:09  Archon  
  76  12:10  Immortal  
  64  12:20  Probe x3  
  59  12:23  High Templar x2, Zealot  
  59  12:28  Archon  
  59  12:29  Zealot  
  67  12:37  High Templar x2, Zealot  
  67  12:41  Archon  
  67  12:43  Zealot  
  75  12:44  Zealot  

Tags
 
Add a new tag
Caveats
  • Supply blocks, unpowered buildings, or Contaminate may cause inaccurate times.
  • Supply counts are checked every 10 seconds.